 Dungeon Crawl Stone Soup version 0.31-a0-441-g867994ef1c (webtiles) character file.

Game seed: 16924913630555639007

1352 Vomitron the Tainter (level 8, -17/46 HPs)
             Began as an Octopode Venom Mage on Aug 2, 2023.
             Was an Initiate of Ru.
             Shot with an arrow by an orc warrior (18 damage)
             ... on level 4 of the Dungeon.
             The game lasted 00:12:13 (4659 turns).

Vomitron the Tainter (Octopode Venom Mage)          Turns: 4659, Time: 00:12:14

Health: -17/46     AC:  1    Str:  8    XL:     8   Next: 63%
Magic:  8/14       EV: 13    Int: 19    God:    Ru [......]
Gold:   128        SH:  5    Dex: 12    Spells: 9/16 levels left

rFire   . . .        w - +2 dagger (venom)
rCold   . . .        (no shield)
rNeg    . . .        (helmet restricted)
rPois   .            k - amulet of reflection
rElec   .            (no ring)
rCorr   .            (no ring)
SInv    .            (no ring)
Will    .....        (no ring)
Stlth   ++++         (no ring)
HPRegen 0.27/turn    (no ring)
MPRegen 0.14/turn    (no ring)
                     (no ring)

%: reflection
@: no status effects
A: almost no armour, amphibious, 8 rings, camouflage 1, gelatinous body 1,
(nimble swimmer 1), tentacles
a: Renounce Religion


You were on level 4 of the Dungeon.
You worshipped Ru.
Ru was noncommittal.
You visited 1 branch of the dungeon, and saw 4 of its levels.

You collected 128 gold pieces.

Inventory:

Hand Weapons
 b - a +0 spear of protection
 f - a +2 vampiric dagger
 w - a +2 dagger of venom (weapon)
Magical Staves
 j - a staff of fire
Jewellery
 k - an amulet of reflection (around mantle)
 o - a ring of fire
 v - a ring of ice
Scrolls
 c - a scroll of teleportation {unknown}
 d - a scroll of brand weapon
 g - a scroll of silence {unknown}
 i - 5 scrolls of identify {unknown}
 l - a scroll of acquirement {unknown}
 q - a scroll of poison {unknown}
 r - a scroll of revelation {unknown}
 s - a scroll of blinking {unknown}
 x - a scroll of enchant weapon {unknown}
 y - a scroll of amnesia {unknown}
 z - a scroll of noise {unknown}
Potions
 a - a potion of magic
 e - 3 potions of curing {unknown}
 h - a potion of lignification {unknown}
 m - a potion of brilliance {unknown}
 n - a potion of might {unknown}
 p - a potion of heal wounds {unknown}
 t - a potion of enlightenment {unknown}
 u - a potion of invisibility {unknown}


   Skills:
 - Level 2.0 Dodging
 + Level 7.0 Stealth
 + Level 4.6 Spellcasting
 - Level 1.0 Transmutations
 + Level 4.9 Air Magic
 * Level 8.1 Poison Magic


You had 9 spell levels left.
You knew the following spells:

 Your Spells              Type           Power      Damage    Failure   Level
a - Sting                 Tmut/Pois      84%        1d7       1%          1
b - Poisonous Vapours     Pois/Air       58%        N/A       1%          2
c - Olgreb's Toxic Radia  Pois           35%        N/A       4%          4

Your spell library contained the following spells:

 Spells                   Type           Power      Damage    Failure   Level
 Mephitic Cloud           Conj/Pois/Air  20%        N/A       6%          3


Dungeon Overview and Level Annotations

Branches:
Dungeon (4/15)
 Temple: D:4-7

Altars:
Ru

Annotations:
D:4 Grinder


Innate Abilities, Weirdness & Mutations

You cannot wear most types of armour.
You are amphibious.
You can wear up to eight rings at the same time.
Your skin changes colour to match your surroundings (Stealth+).
Your rubbery body absorbs attacks. (AC +1, EV +1)
((You are camouflaged when in or above water. (Stealth+)))
You have tentacles for arms and can constrict up to eight enemies at once.


Message History

Aiming: Poisonous Vapours (safe; 1% risk of failure)
Press: ? - help, Dir - move target, f - orc warrior
Aim: an orc warrior, wielding a +0 orcbow, wearing a +0 plate armour and quivering stones Poisonous vapours surround the orc warrior!
The orc warrior is poisoned.
The orc warrior shoots an arrow.
The arrow hits you!
Unknown command.
Casting: Poisonous Vapours (safe; 1% risk of failure)
Confirm with . or Enter, or press ? or * to list all spells.
Aiming: Poisonous Vapours (safe; 1% risk of failure)
Press: ? - help, Dir - move target, f/p - orc warrior
Aim: an orc warrior, wielding a +0 orcbow, wearing a +0 plate armour and quivering stones (very poisoned) Poisonous vapours surround the orc warrior!
The orc warrior looks as sick as possible!
Unknown command.
Unknown command.
Unknown command.
Aiming: Sting (safe; 1% risk of failure)
Press: ? - help, Q - select action, (/) - cycle Shift-Dir - straight line, f/p - orc warrior
Aim: an orc warrior, wielding a +0 orcbow, wearing a +0 plate armour and quivering stones (lightly wounded, extremely poisoned, 76% to hit)
The sting hits the orc warrior but does no damage.
The orc warrior looks as sick as possible!
The orc warrior is lightly wounded.
The orc warrior shoots an arrow.
The arrow misses you.
Unknown command.
The orc warrior shoots an arrow.
The arrow closely misses you.
The orc warrior shoots an arrow.
The arrow barely misses you.
The orc warrior shoots an arrow.
The arrow misses you.
Casting: Sting (safe; 1% risk of failure)
Confirm with . or Enter, or press ? or * to list all spells.
Aiming: Poisonous Vapours (safe; 1% risk of failure)
Press: ? - help, Dir - move target, f/p - orc warrior
Aim: an orc warrior, wielding a +0 orcbow, wearing a +0 plate armour and quivering stones (severely wounded, very poisoned) Poisonous vapours surround the orc warrior!
The orc warrior looks as sick as possible!
The orc warrior shoots an arrow.
The arrow hits you!!
* * * LOW HITPOINT WARNING * * *
Unknown command.
The orc warrior shoots an arrow.
The arrow hits you!!
You die...

...............#..###...........
...............[...............#
.).####......[.................##
..## #..........................
### #.#######.#................ #
##.# ##.##............... #
#..######..##.##............ #
##.#.....#.###..o............
#...........@........).....##
########..................###.###
...)).......(###.................
.############# #............#....
.# #.......##........ ##
#.......###.###### #........#
#..# ...######## ##.##### ####
#(#....


You could see an orc warrior (extremely poisoned).

Vanquished Creatures
  Pikel (D:4)
  Sigmund (D:2)
  Duvessa (D:4)
  An ogre (D:4)
  3 lemures (D:4)
  Dowan (D:4)
  A howler monkey (D:4)
  A hound (D:4)
  An orc priest (D:2)
  A gnoll bouda (D:4)
  A sleepcap (D:4)
  An iguana (D:3)
  Natasha (thrice) (D:3)
  Terence (D:2)
  4 orc wizards
  Robin (D:3)
  5 adders
  A worm (D:3)
  3 dart slugs
  5 orcs
  6 ball pythons
  5 bats
  5 endoplasms
  2 giant cockroaches
  15 goblins
  10 hobgoblins
  10 kobolds
  6 quokkas
  A frilled lizard (D:1)
  2 rats (D:1)
99 creatures vanquished.

Notes
Turn   | Place    | Note
-------+----------+-------------------------------------------
     0 | D:1      | Vomitron the Octopode Venom Mage began the quest for the
                  | Orb.
     0 | D:1      | Reached XP level 1. HP: 11/11 MP: 3/3
   230 | D:1      | Reached skill level 4 in Poison Magic
   230 | D:1      | Reached XP level 2. HP: 17/17 MP: 5/5
   302 | D:1      | Learned a level 2 spell: Poisonous Vapours
   881 | D:1      | Reached XP level 3. HP: 21/21 MP: 4/6
  1282 | D:2      | Reached skill level 1 in Air Magic
  1341 | D:2      | Reached XP level 4. HP: 27/27 MP: 0/7
  1621 | D:2      | Noticed Sigmund
  1657 | D:2      | Killed Sigmund
  1658 | D:2      | Reached skill level 5 in Poison Magic
  1658 | D:2      | Reached XP level 5. HP: 31/31 MP: 0/9
  1658 | D:2      | Reached XP level 6. HP: 36/36 MP: 0/10
  1826 | D:2      | Noticed Terence
  1834 | D:2      | Killed Terence
  2373 | D:3      | Noticed Natasha
  2393 | D:3      | Killed Natasha
  2613 | D:3      | Reached skill level 5 in Stealth
  2641 | D:3      | Noticed Natasha
  2648 | D:3      | Killed Natasha
  2649 | D:3      | Noticed Natasha
  2657 | D:3      | Killed Natasha
  3129 | D:3      | Reached XP level 7. HP: 41/41 MP: 7/12
  3321 | D:3      | Noticed Robin
  3338 | D:3      | Killed Robin
  3541 | D:4      | Noticed Grinder
  3662 | D:3      | Learned a level 4 spell: Olgreb's Toxic Radiance
  3730 | D:4      | Reached skill level 6 in Poison Magic
  4240 | D:4      | Noticed Dowan
  4243 | D:4      | Noticed Duvessa
  4253 | D:4      | Killed Duvessa
  4255 | D:4      | Killed Dowan
  4384 | D:4      | Reached XP level 8. HP: 46/46 MP: 8/14
  4453 | D:4      | Reached skill level 7 in Poison Magic
  4478 | D:4      | Found a sacrificial altar of Ru.
  4495 | D:4      | Became a worshipper of Ru the Awakened
  4499 | D:4      | Noticed Pikel
  4531 | D:4      | Killed Pikel
  4532 | D:4      | Reached skill level 8 in Poison Magic
  4658 | D:4      | HP: 1/46 [orc warrior/arrow (20)]
  4659 | D:4      | Shot with an arrow by an orc warrior

Illustrated notes

Levels and vault maps discovered:
D:1:      psy_arrival_conway, layout_loops_ring, kennysheep_nondescript
D:2:      layout_rooms, uniq_sigmund, uniq_terence
D:3:      layout_basic, serial_bayou_pond_c, minmay_surrounded, uniq_natasha,
          uniq_robin
D:4:      layout_rooms, mainiacjoe_overflow_boulevard, minmay_manual_monstrance,
          uniq_duvessa, uniq_grinder, uniq_pikel

Skill      XL: |  1  2  3  4  5  6  7  8 |
---------------+-------------------------+-----
Stealth        | 3 4 5 6 7 |  7.0
Poison Magic   | 4 5 6 8 |  8.1
Air Magic      | 1 3 4 |  4.9
Spellcasting   | 3 4 |  4.6
Dodging        | |  2.0
Transmutations | |  1.0

Action                     |  1- 3 |  4- 6 |  7- 9 || total
---------------------------+-------+-------+-------++-------
  Melee: Spear             |    24 |    26 |     3 ||    53
         Constrict         |     5 |     6 |     5 ||    16
         Tentacles         |     4 |     6 |     5 ||    15
         Unarmed           |     1 |       |       ||     1
         Dagger            |       |       |    20 ||    20
         Punch             |       |       |     2 ||     2
   Cast: Sting             |    23 |    26 |    14 ||    63
         Poisonous Vapours |     9 |    40 |    31 ||    80
         Olgreb's Toxic Ra |       |       |     8 ||     8
    Use: Scroll            |       |       |     3 ||     3
   Stab: Sleeping          |     1 |     1 |     1 ||     3
         Distracted        |     1 |       |       ||     1
 Armour: Skin              |     1 |     6 |     1 ||     8
  Dodge: Dodged            |    10 |    36 |    16 ||    62
  Block: Other             |     1 |     9 |    11 ||    21
         Reflection        |     1 |     1 |     2 ||     4

Table legend: (Time is in decaauts)
 A = Elapsed time spent in this place.
 B = Non-inter-level travel time spent in this place.
 C = Inter-level travel time spent in this place.
 D = Time resting spent in this place.
 E = Time spent auto-exploring this place.
 F = Levels seen in this place.
 G = Mean time per level.
                   A        B        C        D        E       F      G
               +--------+--------+--------+--------+--------+-----+--------+
         Total |   4678 |   4312 |    366 |    928 |   2375 |   4 | 1169.5 |
       Dungeon |   4678 |   4312 |    366 |    928 |   2375 |   4 | 1169.5 |
               +--------+--------+--------+--------+--------+-----+--------+

Top non-repeatable levels by time:
     D:3: 1826 daAuts
     D:2: 1298 daAuts
     D:1: 1058 daAuts
     D:4: 495 daAuts
